 Dungeon Crawl Stone Soup version 0.18-a0-1485-g189885c (webtiles) character file.

4 Ratboiler the Digger (level 1, -1/16 HPs)
             Began as a Minotaur Earth Elementalist on Mar 3, 2016.
             Slain by a giant gecko (2 damage)
             ... on level 1 of the Dungeon.
             The game lasted 00:01:32 (276 turns).

Ratboiler the Digger (Minotaur Earth Elementalist)   Turns: 276, Time: 00:01:32

Health: -1/16      AC:  2    Str: 12    XL:     1   Next: 58%
Magic:  0/1        EV: 12    Int: 12    God:
Gold:   11         SH:  0    Dex: 10    Spells: 1 memorised, 1 level left

rFire  . . .     SeeInvis .     (no weapon)
rCold  . . .     Gourm    .     a - +0 robe
rNeg   . . .     Faith    .     (no shield)
rPois  .         Spirit   .     (helmet restricted)
rElec  .         Dismiss  .     (no cloak)
rCorr  +         Reflect  .     (no gloves)
SustAt .         Harm     .     (no boots)
MR     .....                    (no amulet)
Stlth  +.........               (no ring)
                                e - ring of resist corrosion

@: very slightly contaminated, not resistant to hostile enchantments, very
unstealthy
A: retaliatory headbutt, horns 2
a: no special abilities


You were on level 1 of the Dungeon.
You were not hungry.

You visited 1 branch of the dungeon, and saw 1 of its levels.

You collected 11 gold pieces.

Inventory:

Hand Weapons
 f - a +0 dagger
Missiles
 b - 20 stones (quivered)
Armour
 a - a +0 robe (worn)
Jewellery
 e - a ring of resist corrosion (left hand)
Scrolls
 g - a scroll of magic mapping {unknown}
 h - a scroll of immolation {unknown}
Books
 c - a book of Geomancy

   Spells                             Type                      Level
   a - Sandblast                      Earth                        1
   b - Passwall                       Transmutation/Earth          2
   c - Stone Arrow                    Conjuration/Earth            3
   d - Petrify                        Transmutation/Earth          4
   e - Lee's Rapid Deconstruction     Earth                        5
Comestibles
 d - a bread ration
 i - a meat ration
 j - a chunk of flesh


   Skills:
 + Level 1.4 Fighting
 - Level 2.1 Dodging
 - Level 1.5 Stealth
 - Level 1.3 Spellcasting
   Level 0.7 Transmutations
 - Level 2.4 Earth Magic


You had one spell level left.
You knew the following spells:

 Your Spells              Type           Power        Failure   Level  Hunger
a - Sandblast             Erth           #.....       12%         1    ##.....


Dungeon Overview and Level Annotations

Branches:
Dungeon (1/15)

Altars:


Innate Abilities, Weirdness & Mutations

You reflexively headbutt those who attack you in melee.
You have a pair of horns on your head.


Message History

Aim: a giant gecko (moderately wounded, clinging)
You miscast Sandblast.
You are very lightly contaminated with residual magic.
You feel a surge of energy from the ground.
The giant gecko misses you. The giant gecko bites you.
* * * LOW HITPOINT WARNING * * *
The giant gecko barely misses you.
There is a large open door here.
There is a large open door here.
The giant gecko bites you.
* * * LOW HITPOINT WARNING * * *
There is an open door here.
Casting: Sandblast
Confirm with . or Enter, or press ? or * to list all spells.
Aiming: Sandblast
Press: ? - help, Shift-Dir - straight line, f/p - giant gecko
Aim: a giant gecko (lightly wounded, clinging)
You miscast Sandblast.
Nothing appears to happen.
The giant gecko bites you.
You die...

#≈#.##...≈♣≈...##.#≈# .#
♣8.''...♣8♣...''.8♣ ##.#
#≈#.##...≈♣≈...##.#≈# ...#
###.8#.........#8.###..######..#
#.##♣.......♣##.# ≈..........#
#+# ♣≈.....≈♣##'##≈#.######.##
#♣##+##♣##8.8# #.#
###8#+#8###...# #.#
+........l@...# #.#
##8##.##8##...# #.# #'#≈♣≈#8..#
#.# ####♣##'##♣###### #.#
≈≈≈≈≈≈≈.≈≈≈≈≈≈≈≈≈ #†#
#.#.####.#.####.# #.# #.#.#
#...# #.# #.# #.#.## ###.# #.#
#.# #....# #.# #.# #.#


You could see a giant gecko.

Vanquished Creatures
  3 bats (D:1)
  A bat zombie (D:1)
  A giant gecko zombie (D:1)
5 creatures vanquished.

Notes
Turn   | Place    | Note
--------------------------------------------------------------
     0 | D:1      | Ratboiler the Minotaur Earth Elementalist began the quest for the Orb.
     0 | D:1      | Reached XP level 1. HP: 14/14 MP: 1/1
   183 | D:1      | Reached skill level 1 in Fighting
   276 | D:1      | Slain by a giant gecko

Vault maps used:
D:1:      saegor_arrival_fortress

Skill      XL: |  1 |
---------------+----+-----
Fighting       | 1 |  1.4
Dodging        | |  2.1
Stealth        | |  1.5
Spellcasting   | |  1.3
Transmutations | |  0.7
Earth Magic    | |  2.4

Action                   || total
-------------------------++-------
Melee: Unarmed           ||    16
 Cast: Sandblast         ||     2
 Stab: Sleeping          ||     1
